 Dungeon Crawl Stone Soup version 0.23.2-33-g5129a83184 (webtiles) character file.

Game seed: 17536347654318776556

1633 Revguard the Cudgeler (level 8, -1/75 HPs)
             Began as a Troll Gladiator on July 8, 2019.
             Was a Believer of Okawaru.
             Splashed by Pikel's acid (8 damage)
             ... on level 6 of the Dungeon.
             The game lasted 00:18:36 (4752 turns).

Revguard the Cudgeler (Troll Gladiator)             Turns: 4752, Time: 00:18:36

Health: -1/75      AC: -2    Str: 23    XL:     8   Next: 66%
Magic:  0/7        EV: 15    Int:  4    God:    Okawaru [**....]
Gold:   291        SH:  0    Dex: 13    Spells: 7/7 levels left

rFire    . . .     SeeInvis .   p - +0 giant club
rCold    . . .     Gourm    +   (shield currently unavailable)
rNeg     . . .     Faith    .   b - +0 robe
rPois    +         Spirit   +   c - +1 hat
rElec    .         Reflect  .   (no cloak)
rCorr    .         Harm     .   (gloves unavailable)
MR       .....                  (boots unavailable)
Stlth    +++.......             t - amulet of guardian spirit
HPRegen  0.62/turn              j - ring of poison resistance
MPRegen  0.10/turn              (no ring)

@: heroism, corroded, drained
A: large, unfitting armour, claws 3, iridescent scales 1, fast metabolism 3,
gourmand, low mp 1, regeneration 1, shaggy fur 1, tough skin 3, subdued magic 1
a: Heroism, Renounce Religion


You were on level 6 of the Dungeon.
You worshipped Okawaru.
Okawaru was pleased with you.
You were very full.

You visited 2 branches of the dungeon, and saw 8 of its levels.

You collected 291 gold pieces.

Inventory:

Hand Weapons
 a - a +1 flail
 p - a +0 giant club (weapon)
Missiles
 d - 3 throwing nets (quivered)
Armour
 b - a +0 robe (worn)
 c - a +1 hat (worn)
Jewellery
 j - a ring of poison resistance (left claw)
 t - an amulet of guardian spirit (around neck)
Wands
 q - a wand of paralysis (1)
 r - a wand of disintegration (9)
 v - a wand of flame (11)
 z - a wand of enslavement (6)
Scrolls
 g - 5 scrolls of teleportation
 k - 2 scrolls of enchant weapon
 l - 4 scrolls of remove curse
 n - 4 scrolls of amnesia
 o - 4 scrolls of magic mapping {unknown}
 u - a scroll of immolation {unknown}
 w - a scroll of fog
 x - a scroll of summoning {unknown}
 y - a scroll of enchant armour
Potions
 e - 5 potions of curing
 h - a potion of might {unknown}
 i - a potion of haste
Comestibles
 f - 14 rations
 m - 7 chunks of flesh


   Skills:
 + Level 3.4(7.5) Fighting
 + Level 7.5(11.5) Maces & Flails
 + Level 1.9(6.0) Throwing
 * Level 5.8(9.9) Dodging
 * Level 2.1(1.4) Invocations
 + Level 0.4(0.0) Evocations


You had 7 spell levels left.
You didn't know any spells.
Your spell library was empty.

Dungeon Overview and Level Annotations

Branches:
Dungeon (7/15)             Temple (1/1) D:4

Altars:
Ashenzari
Cheibriados
Dithmenos
Elyvilon
Fedhas
Hepliaklqana
Kikubaaqudgha
Makhleb
Nemelex Xobeh
Okawaru
Qazlal
Ru
Sif Muna
Trog
Uskayaw
Vehumet
Wu Jian
Xom
Yredelemnul
Zin
The Shining One

Annotations:
D:6 Eustachio, Pikel


Innate Abilities, Weirdness & Mutations

You are too large for most types of armour.
You have claws for hands.
Your metabolism is lightning-fast.
You like to eat raw meat.
Your natural rate of healing is unusually fast.
You are covered in fur. (AC +1)
You have extremely tough skin. (AC +3)
You are partially covered in iridescent scales. (AC +2)
Your magical capacity is low. (-10% MP)
Your spells are a little easier to cast, but a little less powerful.


Message History

The bat dies!
The bat's corpse disappears in a puff of smoke!
The quokka closely misses you.
You feel better. Pikel misses you. The quokka bites you.
* * * LOW HITPOINT WARNING * * *
Okay, then.
Okay, then.
You feel better.
The quokka bites you but does no damage.
Pikel zaps a wand.
The bolt of acid misses you.
The bolt of acid hits the quokka!
The quokka is splashed with acid!
The quokka dies!
The quokka's corpse disappears in a puff of smoke!
Eustachio gestures wildly while chanting.
Eustachio blinks!
Pikel zaps a wand.
The bolt of acid misses you.
There is a stone staircase leading up here.
Pikel zaps a wand.
The bolt of acid hits you!
* * * LOW HITPOINT WARNING * * *
The acid corrodes you!
You are splashed with acid!
You die...

#.##..
############.##..
#................
.............####
o.......######
.....##.#
#####(##.#########
#...#.##..........
#@#.#.##....######
#<#.#<##..).#
#)#..[......#
#K#.........#
#r#.........#
#p..........#
###(........#
#(...........
#.....#######


You could see Pikel, a slave and a rat.

Vanquished Creatures
  2 slaves (D:5)
  A sky beast (D:5)
  2 phantoms (D:4)
  An ogre (D:5)
  Blork the orc (D:4)
  A bullfrog (D:6)
  A gnoll sergeant (D:5)
  4 wights (D:6)
  2 crimson imps (D:5)
  A bullfrog zombie (D:5)
  2 hounds (D:4)
  5 orc priests
  A bullfrog skeleton (D:4)
  A gnoll shaman (D:4)
  Ijyb (D:4)
  An iguana (D:4)
  An orc wizard (D:5)
  4 worker ants
  3 gnolls (D:5)
  2 adders
  2 shadow imps
  An ooze (D:1)
  3 worms (D:2)
  A dart slug (D:1)
  6 leopard geckos
  22 orcs
  5 bats
  6 giant cockroaches
  9 goblins
  5 hobgoblins
  11 jackals
  4 quokkas
  2 ball pythons
  7 frilled lizards
  A jackal skeleton (D:4)
  5 kobolds
  6 rats
133 creatures vanquished.

Vanquished Creatures (collateral kills)
  4 centaurs (D:6)
  A quokka (D:4)
5 creatures vanquished.

Vanquished Creatures (others)
  A centaur (D:6)
  A slave (D:6)
  A howler monkey (D:4)
  2 hounds (D:4)
5 creatures vanquished.

Grand Total: 143 creatures vanquished

Notes
Turn   | Place    | Note
-------+----------+-------------------------------------------
     0 | D:1      | Revguard the Troll Gladiator began the quest for the Orb.
     0 | D:1      | Reached XP level 1. HP: 19/19 MP: 0/0
   143 | D:1      | Reached XP level 2. HP: 22/27 MP: 1/1
   213 | D:1      | Reached skill level 3 in Maces & Flails
   309 | D:1      | Reached XP level 3. HP: 24/35 MP: 2/2
   888 | D:2      | Gained mutation: Your magical capacity is low. (-10% MP)
                  | [potion of mutation]
   888 | D:2      | Gained mutation: Your spells are a little easier to cast,
                  | but a little less powerful. [potion of mutation]
   888 | D:2      | Gained mutation: You are partially covered in iridescent
                  | scales. (AC +2) [potion of mutation]
  1316 | D:2      | Reached XP level 4. HP: 42/42 MP: 2/2
  2301 | D:3      | Reached XP level 5. HP: 49/49 MP: 3/3
  2398 | D:4      | You fall through a shaft for 3 floors!
  2399 | D:7      | Noticed an ice beast
  2403 | D:7      | Noticed a centaur
  2425 | D:7      | Noticed an ice beast
  2427 | D:6      | Noticed a centaur
  2427 | D:6      | Noticed a centaur
  2427 | D:6      | Noticed a centaur
  2427 | D:6      | Noticed a centaur
  2485 | D:6      | Reached skill level 4 in Maces & Flails
  2566 | D:6      | Noticed a slave
  2566 | D:6      | Noticed a slave
  2624 | D:6      | Noticed a slave
  2647 | D:5      | Entered Level 5 of the Dungeon
  2667 | D:5      | Killed a slave
  2669 | D:5      | Killed a slave
  2729 | D:5      | Reached XP level 6. HP: 57/57 MP: 4/4
  3079 | D:4      | Found a staircase to the Ecumenical Temple.
  3108 | Temple   | Entered the Ecumenical Temple
  3115 | Temple   | Became a worshipper of Warmaster Okawaru
  3201 | D:4      | Reached skill level 5 in Maces & Flails
  3246 | D:4      | Noticed Ijyb
  3253 | D:4      | Killed Ijyb
  3337 | D:4      | Noticed Blork the orc
  3346 | D:4      | Killed Blork the orc
  3346 | D:4      | Reached XP level 7. HP: 48/66 MP: 3/5
  3630 | D:4      | Reached skill level 6 in Maces & Flails
  3638 | D:4      | Reached * piety under Okawaru
  3638 | D:4      | Reached skill level 5 in Dodging
  4189 | D:5      | Reached XP level 8. HP: 51/74 MP: 1/6
  4333 | D:5      | Reached skill level 1 in Invocations
  4557 | D:6      | Reached skill level 7 in Maces & Flails
  4560 | D:6      | Reached ** piety under Okawaru
  4645 | D:6      | Noticed Eustachio
  4721 | D:6      | Noticed Pikel
  4752 | D:6      | Splashed by Pikel's acid

Skill      XL: |  1  2  3  4  5  6  7  8 |
---------------+-------------------------+-----
Maces & Flails | 3 4 5 6 7 |  7.5
Dodging        | 3 4 5 |  5.8
Fighting       | 2 3 |  3.4
Invocations    | 2 |  2.1
Throwing       | |  1.9
Evocations     | |  0.4

Action                   |  1- 3 |  4- 6 |  7- 9 || total
-------------------------+-------+-------+-------++-------
Melee: Flail             |   161 |   127 |       ||   288
       Unarmed           |       |     1 |       ||     1
       Giant club        |       |    47 |   241 ||   288
Invok: Heroism           |       |       |     7 ||     7
Evoke: Wand              |       |     4 |    16 ||    20
  Use: Scroll            |     5 |     6 |       ||    11
       Potion            |     3 |     2 |     3 ||     8
 Stab: Sleeping          |     1 |       |       ||     1
  Eat: Chunk             |    18 |    19 |    13 ||    50
Armor: Robe              |   101 |   104 |   166 ||   371
Dodge: Dodged            |   100 |   178 |   289 ||   567
